TOP OF THE 1ST |
El Paso Texans batting - Pitching for Kenosha Kingfish : LHP Johnny Clark
|
Pitching: LHP Johnny Clark
|
|
Batting: RHB Ken Fingers
|
0-0: Ball 1-0: DOUBLE (Line Drive, 8LD)
|
Batting: RHB Wayne Carter
|
0-0: Ball 1-0: Called Strike 1-1: Called Strike 1-2: Ball Passed Ball! Ken Fingers to third 2-2: Ball 3-2: Foul Ball, location: 2F 3-2: Strikes out looking
|
Batting: LHB William Foley
|
0-0: Ball 1-0: Swinging Strike 1-1: Hit by Pitch
|
Batting: RHB Javier Álvarez
|
0-0: Ball William Foley steals 2nd base 1-0: Ball 2-0: Ball 3-0: Swinging Strike 3-1: Base on Balls
|
Batting: SHB Oliver Riley
|
0-0: Foul Ball, location: 2F 0-1: Swinging Strike 0-2: Foul Ball, location: 2F 0-2: Strikes out swinging
|
Batting: RHB Domingo Morales
|
0-0: Ball 1-0: Called Strike 1-1: Called Strike 1-2: Ball 2-2: Ball 3-2: Foul Ball, location: 2F 3-2: Ground out 4-3 (Groundball, 4)
|
Top of the 1st over - 0 run(s), 1 hit(s), 0 error(s), 3 left on base; El Paso 0 - Kenosha 0 |
BOTTOM OF THE 1ST |
Kenosha Kingfish batting - Pitching for El Paso Texans : RHP Carlos Díaz
|
Pitching: RHP Carlos Díaz
|
|
Batting: RHB Esteban Ayala
|
0-0: Ball 1-0: Fly out, F9 (Line Drive, 9S)
|
Batting: LHB Davey Casey
|
0-0: Called Strike 0-1: Fly out, F7 (Line Drive, 7S)
|
Batting: LHB Jon Quinn
|
0-0: Ball 1-0: Called Strike 1-1: Fly out, F7 (Flyball, 7LM)
|
Bottom of the 1st over - 0 run(s), 0 hit(s), 0 error(s), 0 left on base; El Paso 0 - Kenosha 0 |
TOP OF THE 2ND |
El Paso Texans batting - Pitching for Kenosha Kingfish : LHP Johnny Clark
|
Batting: RHB Marvin Johnson
|
0-0: Called Strike 0-1: Fly out, F9 (Flyball, 9S)
|
Batting: LHB Roberto Félix
|
0-0: Ball 1-0: SINGLE (Line Drive, 56)
|
Batting: RHB José Murillo
|
0-0: Ball 1-0: Called Strike 1-1: Called Strike 1-2: Strikes out swinging
|
Batting: RHB Ken Fingers
|
0-0: Ball Roberto Félix is caught stealing 2nd base
|
Top of the 2nd over - 0 run(s), 1 hit(s), 0 error(s), 0 left on base; El Paso 0 - Kenosha 0 |
BOTTOM OF THE 2ND |
Kenosha Kingfish batting - Pitching for El Paso Texans : RHP Carlos Díaz
|
Batting: LHB Dusty Wilson
|
0-0: Foul Ball, location: 2F 0-1: Foul Ball, location: 2F 0-2: Ball 1-2: Foul Ball, location: 2F 1-2: SINGLE (Groundball, 25) (infield hit)
|
Batting: RHB Sergio Mata
|
0-0: Called Strike 0-1: Ball 1-1: Ball 2-1: Ball 3-1: Foul Ball, location: 2F 3-2: Strikes out looking
|
Batting: RHB Tommy Davenport
|
0-0: Ball 1-0: Called Strike 1-1: Ball Dusty Wilson steals 2nd base 2-1: Called Strike 2-2: Ground out 5-3 (Groundball, 56)
|
Batting: SHB Alfonso Escasán
|
0-0: Called Strike 0-1: Ball 1-1: Swinging Strike 1-2: Ball 2-2: Strikes out swinging
|
Bottom of the 2nd over - 0 run(s), 1 hit(s), 0 error(s), 1 left on base; El Paso 0 - Kenosha 0 |
TOP OF THE 3RD |
El Paso Texans batting - Pitching for Kenosha Kingfish : LHP Johnny Clark
|
Batting: RHB Ken Fingers
|
0-0: Called Strike 0-1: Fly out, F8 (Flyball, 8LS)
|
Batting: RHB Wayne Carter
|
0-0: Called Strike 0-1: Ball 1-1: Foul Ball, location: 2F 1-2: Ball 2-2: Foul Ball, location: 2F 2-2: Foul Ball, location: 2F 2-2: Ball 3-2: Strikes out swinging
|
Batting: LHB William Foley
|
0-0: SINGLE (Groundball, 34D)
|
Batting: RHB Javier Álvarez
|
0-0: Ball 1-0: Foul Ball, location: 2F 1-1: Ball 2-1: Fly out, F7 (Line Drive, 7D)
|
Top of the 3rd over - 0 run(s), 1 hit(s), 0 error(s), 1 left on base; El Paso 0 - Kenosha 0 |
BOTTOM OF THE 3RD |
Kenosha Kingfish batting - Pitching for El Paso Texans : RHP Carlos Díaz
|
Batting: RHB Juan Escalante
|
0-0: Swinging Strike 0-1: Foul Ball, location: 2F 0-2: Ball 1-2: Strikes out swinging
|
Batting: SHB Júlio Valentín
|
0-0: Swinging Strike 0-1: SOLO HOME RUN (Flyball, 9LD), Distance : 345 ft
|
Batting: RHB Esteban Ayala
|
0-0: Ball 1-0: Foul Ball, location: 2F 1-1: Foul Ball, location: 2F 1-2: Foul Ball, location: 2F 1-2: Ball 2-2: Foul Ball, location: 2F 2-2: Ball 3-2: Strikes out swinging
|
Batting: LHB Davey Casey
|
0-0: Ball 1-0: Called Strike 1-1: Ball 2-1: Ball 3-1: SINGLE (Line Drive, 6)
|
Batting: LHB Jon Quinn
|
0-0: Ball 1-0: Ground out 5-3 (Groundball, 56S)
|
Bottom of the 3rd over - 1 run(s), 2 hit(s), 0 error(s), 1 left on base; El Paso 0 - Kenosha 1 |
TOP OF THE 4TH |
El Paso Texans batting - Pitching for Kenosha Kingfish : LHP Johnny Clark
|
Batting: SHB Oliver Riley
|
0-0: Ball 1-0: Called Strike 1-1: Foul Ball, location: 2F 1-2: Foul Ball, location: 2F 1-2: Foul Ball, location: 2F 1-2: Ball 2-2: Ball 3-2: Foul Ball, location: 2F 3-2: Strikes out looking
|
Batting: RHB Domingo Morales
|
0-0: Ball 1-0: Ball 2-0: Ball 3-0: Called Strike 3-1: Foul Ball, location: 2F 3-2: Base on Balls
|
Batting: RHB Marvin Johnson
|
0-0: Foul Ball, location: 2F 0-1: DOUBLE (Line Drive, 89M) Domingo Morales to third Runner from 3rd tries for Home, SAFE, no throw
|
Batting: LHB Roberto Félix
|
0-0: Foul Ball, location: 2F 0-1: Foul Ball, location: 2F 0-2: Strikes out swinging
|
Batting: RHB José Murillo
|
0-0: Ball 1-0: Called Strike 1-1: Ball 2-1: Ball 3-1: Called Strike 3-2: Foul Ball, location: 2F 3-2: 2-RUN HOME RUN (Flyball, 7D), Distance : 376 ft
|
Batting: RHB Ken Fingers
|
0-0: Ball 1-0: Foul Ball, location: 2F 1-1: SINGLE (Line Drive, 6M)
|
Batting: RHB Wayne Carter
|
0-0: Ball 1-0: Ball 2-0: Ball 3-0: Called Strike 3-1: Called Strike 3-2: Strikes out swinging
|
Top of the 4th over - 3 run(s), 3 hit(s), 0 error(s), 1 left on base; El Paso 3 - Kenosha 1 |
BOTTOM OF THE 4TH |
Kenosha Kingfish batting - Pitching for El Paso Texans : RHP Carlos Díaz
|
Batting: LHB Dusty Wilson
|
0-0: Called Strike 0-1: Ball 1-1: Foul Ball, location: 2F 1-2: Ball 2-2: SINGLE (Flyball, 8RS)
|
Batting: RHB Sergio Mata
|
0-0: Ball 1-0: Foul Ball, location: 2F 1-1: Ball 2-1: Foul Ball, location: 2F 2-2: Ground out 5-3 (Groundball, 56S) Dusty Wilson to second
|
Batting: RHB Tommy Davenport
|
0-0: Ball 1-0: Ball 2-0: Foul Ball, location: 2F 2-1: Fly out, F9 (Flyball, 9LM)
|
Batting: SHB Alfonso Escasán
|
0-0: Ball 1-0: Called Strike 1-1: Fly out, F9 (Flyball, 9)
|
Bottom of the 4th over - 0 run(s), 1 hit(s), 0 error(s), 1 left on base; El Paso 3 - Kenosha 1 |
TOP OF THE 5TH |
El Paso Texans batting - Pitching for Kenosha Kingfish : LHP Johnny Clark
|
Pitching: LHP Frank Monroe
|
|
Batting: LHB William Foley
|
0-0: Ball 1-0: Foul Ball, location: 2F 1-1: Swinging Strike 1-2: Ball 2-2: Ball 3-2: Base on Balls
|
Batting: RHB Javier Álvarez
|
0-0: DOUBLE (Line Drive, 8RD) William Foley to third
|
Batting: SHB Oliver Riley
|
0-0: Intentional Walk
|
Batting: RHB Domingo Morales
|
0-0: Called Strike 0-1: Ball 1-1: Ground out 3-1 (Groundball, 34S) William Foley scores Javier Álvarez to third Oliver Riley to second
|
Batting: RHB Marvin Johnson
|
0-0: Intentional Walk
|
Batting: LHB Roberto Félix
|
0-0: Foul Ball, location: 2F 0-1: Ball 1-1: Foul Ball, location: 2F 1-2: Foul Ball, location: 2F 1-2: Foul Ball, location: 2F 1-2: Fielders Choice at 2nd, 6-4 (Groundball, 56) Javier Álvarez scores Oliver Riley to third
|
Batting: RHB José Murillo
|
0-0: Foul Ball, location: 2F 0-1: Ball 1-1: Ball 2-1: Ball 3-1: Fly out, F8 (Flyball, 8RS)
|
Top of the 5th over - 2 run(s), 1 hit(s), 0 error(s), 2 left on base; El Paso 5 - Kenosha 1 |
BOTTOM OF THE 5TH |
Kenosha Kingfish batting - Pitching for El Paso Texans : RHP Carlos Díaz
|
Batting: RHB Juan Escalante
|
0-0: Fly out, F8 (Flyball, 8LM)
|
Batting: SHB Júlio Valentín
|
0-0: Called Strike 0-1: Called Strike 0-2: Foul Ball, location: 2F 0-2: Strikes out swinging
|
Batting: RHB Esteban Ayala
|
0-0: Called Strike 0-1: SINGLE (Groundball, 34S) (infield hit)
|
Batting: LHB Davey Casey
|
0-0: Foul Ball, location: 2F 0-1: Fly out, F4 (Line Drive, 34)
|
Bottom of the 5th over - 0 run(s), 1 hit(s), 0 error(s), 1 left on base; El Paso 5 - Kenosha 1 |
TOP OF THE 6TH |
El Paso Texans batting - Pitching for Kenosha Kingfish : LHP Frank Monroe
|
Pitching: RHP Rafael Gabriel
|
|
Batting: RHB Ken Fingers
|
0-0: Ground out 5-3 (Groundball, 56S)
|
Batting: RHB Wayne Carter
|
0-0: Ball 1-0: Called Strike 1-1: Called Strike 1-2: Foul Ball, location: 2F 1-2: Ground out 4-3 (Groundball, 4)
|
Batting: LHB William Foley
|
0-0: Called Strike 0-1: Called Strike 0-2: Foul Ball, location: 2F 0-2: Foul Ball, location: 2F 0-2: Foul Ball, location: 2F 0-2: Strikes out swinging
|
Top of the 6th over - 0 run(s), 0 hit(s), 0 error(s), 0 left on base; El Paso 5 - Kenosha 1 |
BOTTOM OF THE 6TH |
Kenosha Kingfish batting - Pitching for El Paso Texans : RHP Carlos Díaz
|
Batting: LHB Jon Quinn
|
0-0: Swinging Strike 0-1: Ball 1-1: Swinging Strike 1-2: Strikes out swinging
|
Batting: LHB Dusty Wilson
|
0-0: Swinging Strike 0-1: Ball 1-1: Called Strike 1-2: Strikes out swinging
|
Batting: RHB Sergio Mata
|
0-0: Called Strike 0-1: Ground out 4-3 (Groundball, 4)
|
Bottom of the 6th over - 0 run(s), 0 hit(s), 0 error(s), 0 left on base; El Paso 5 - Kenosha 1 |
TOP OF THE 7TH |
El Paso Texans batting - Pitching for Kenosha Kingfish : RHP Rafael Gabriel
|
Batting: RHB Javier Álvarez
|
0-0: Ball 1-0: Swinging Strike 1-1: Swinging Strike 1-2: Ball 2-2: Ball 3-2: Base on Balls
|
Batting: SHB Oliver Riley
|
0-0: Called Strike 0-1: Ball 1-1: Swinging Strike 1-2: SINGLE (Flyball, 9) Javier Álvarez to second
|
Batting: RHB Domingo Morales
|
0-0: Ball 1-0: Bunted foul 1-1: Sac Bunt - play at first, batter OUT! 1-4 Javier Álvarez to third Oliver Riley to second
|
Batting: RHB Marvin Johnson
|
0-0: DOUBLE (Line Drive, 9LM) Javier Álvarez scores Oliver Riley scores
|
Batting: LHB Roberto Félix
|
0-0: Ball 1-0: Foul Ball, location: 2F 1-1: Ball 2-1: Ball 3-1: Called Strike 3-2: Foul Ball, location: 2F 3-2: Fly out, F8 (Flyball, 78S)
|
Batting: RHB José Murillo
|
0-0: Foul Ball, location: 2F 0-1: Ground out 4-3 (Groundball, 4)
|
Top of the 7th over - 2 run(s), 2 hit(s), 0 error(s), 1 left on base; El Paso 7 - Kenosha 1 |
BOTTOM OF THE 7TH |
Kenosha Kingfish batting - Pitching for El Paso Texans : RHP Carlos Díaz
|
Pitching: RHP Mike Marks
|
|
Batting: RHB Tommy Davenport
|
0-0: Swinging Strike 0-1: Swinging Strike 0-2: Ball 1-2: Strikes out swinging
|
Batting: SHB Alfonso Escasán
|
0-0: Foul Ball, location: 2F 0-1: Ball 1-1: Ground out 4-3 (Groundball, 34)
|
Batting: RHB Juan Escalante
|
0-0: Ball 1-0: Foul Ball, location: 2F 1-1: Called Strike 1-2: Foul Ball, location: 2F 1-2: Ball 2-2: Ball 3-2: Base on Balls
|
Batting: SHB Júlio Valentín
|
0-0: Called Strike 0-1: Ball 1-1: Foul Ball, location: 2F 1-2: Foul Ball, location: 2F 1-2: Strikes out looking
|
Bottom of the 7th over - 0 run(s), 0 hit(s), 0 error(s), 1 left on base; El Paso 7 - Kenosha 1 |
TOP OF THE 8TH |
El Paso Texans batting - Pitching for Kenosha Kingfish : RHP Rafael Gabriel
|
Batting: RHB Ken Fingers
|
0-0: Ball 1-0: Ball 2-0: Ball 3-0: Base on Balls
|
Batting: RHB Wayne Carter
|
0-0: Swinging Strike 0-1: Called Strike 0-2: Strikes out swinging
|
Batting: LHB William Foley
|
0-0: Called Strike 0-1: Fly out, F9 (Flyball, 9S)
|
Batting: RHB Javier Álvarez
|
0-0: Ball Ken Fingers steals 2nd base 1-0: Ground out 6-3 (Groundball, 6)
|
Top of the 8th over - 0 run(s), 0 hit(s), 0 error(s), 1 left on base; El Paso 7 - Kenosha 1 |
BOTTOM OF THE 8TH |
Kenosha Kingfish batting - Pitching for El Paso Texans : RHP Mike Marks
|
Batting: RHB Esteban Ayala
|
0-0: Called Strike 0-1: Called Strike 0-2: Ball 1-2: Ball 2-2: Fly out, F9 (Flyball, 9LS)
|
Batting: LHB Davey Casey
|
0-0: Ball 1-0: Called Strike 1-1: Swinging Strike 1-2: Ball 2-2: Foul Ball, location: 2F 2-2: Ball 3-2: Strikes out looking
|
Batting: LHB Jon Quinn
|
0-0: Foul Ball, location: 2F 0-1: Ball 1-1: Ball 2-1: Swinging Strike 2-2: Ground out 4-3 (Groundball, 4)
|
Bottom of the 8th over - 0 run(s), 0 hit(s), 0 error(s), 0 left on base; El Paso 7 - Kenosha 1 |
TOP OF THE 9TH |
El Paso Texans batting - Pitching for Kenosha Kingfish : RHP Rafael Gabriel
|
Batting: SHB Oliver Riley
|
0-0: Swinging Strike 0-1: Ball 1-1: SINGLE (Flyball, 8RS)
|
Batting: RHB Domingo Morales
|
0-0: Called Strike 0-1: Foul Ball, location: 2F 0-2: Ball 1-2: Ball 2-2: Fly out, F8 (Flyball, 8LM)
|
Pitching: RHP Arthur Stewart
|
|
Batting: RHB Marvin Johnson
|
0-0: Called Strike Oliver Riley is caught stealing 2nd base 0-1: SINGLE (Flyball, 9LS)
|
Batting: LHB Roberto Félix
|
0-0: Foul Ball, location: 2F 0-1: Swinging Strike 0-2: Strikes out looking
|
Top of the 9th over - 0 run(s), 2 hit(s), 0 error(s), 1 left on base; El Paso 7 - Kenosha 1 |
BOTTOM OF THE 9TH |
Kenosha Kingfish batting - Pitching for El Paso Texans : RHP Mike Marks
|
Batting: LHB Dusty Wilson
|
0-0: Swinging Strike 0-1: Foul Ball, location: 2F 0-2: Ball 1-2: Strikes out looking
|
Batting: RHB Sergio Mata
|
0-0: Swinging Strike 0-1: Ball 1-1: Foul Ball, location: 2F 1-2: Strikes out looking
|
Batting: RHB Tommy Davenport
|
0-0: Swinging Strike 0-1: Fly out, F4 (Flyball, 4MD)
|
Bottom of the 9th over - 0 run(s), 0 hit(s), 0 error(s), 0 left on base; El Paso 7 - Kenosha 1 |
|